 Dungeon Crawl Stone Soup version 0.16.2-12-gd0ad4c3 (webtiles) character file.

1297 Gwarll the Grave Robber (level 8, -12/56 HPs)
             Began as a Human Necromancer on Jan 19, 2016.
             Was a Believer of Makhleb.
             Mangled by an orc warrior
             ... wielding a +2 dire flail of crushing
              (15 damage)
             ... on level 5 of the Dungeon.
             The game lasted 00:53:15 (5938 turns).

Gwarll the Grave Robber (Human Necromancer)         Turns: 5938, Time: 00:53:15

Health: -12/56     AC:  6    Str: 10    XL:     8   Next: 87%
Magic:  20/20      EV: 10    Int: 17    God:    Makhleb [**....]
Gold:   252        SH: 10    Dex: 13    Spells: 6 memorised, 1 level left

rFire  . . .     SeeInvis .     i - +3 spear (venom)
rCold  . . .     Clarity  .     x - +0 leather armour
rNeg   . . .     SustAb   .     y - +3 shield {rPois}
rPois  +         Gourm    .     (no helmet)
rElec  .         Spirit   .     (no cloak)
rCorr  .         Warding  .     B - +2 pair of gloves
rMut   .         Stasis   .     (no boots)
MR     .....                    (no amulet)
Stlth  ++........               (no ring)
                                (no ring)

@: not resistant to hostile enchantments, unstealthy
A: no striking features
a: Minor Destruction, Renounce Religion


You were on level 5 of the Dungeon.
You worshipped Makhleb.
Makhleb was pleased with you.
You were not hungry.

You visited 2 branches of the dungeon, and saw 7 of its levels.

You collected 252 gold pieces.

Inventory:

Hand weapons
 a - a +1 mace of holy wrath
 i - a +3 spear of venom (weapon)
 A - a +3 mace
 D - a +1 flail of freezing
Armour
 w - a +0 buckler
 x - a +0 leather armour (worn)
 y - a +3 shield of poison resistance (worn)
 B - a +2 pair of gloves (worn)
Scrolls
 g - a scroll of random uselessness
 h - 3 scrolls of enchant armour
 k - 3 scrolls of magic mapping
 l - a scroll of recharging
 p - 2 scrolls of remove curse
 v - a scroll of immolation
 E - a scroll of blinking {unknown}
 G - a scroll of identify
Potions
 d - a potion of ambrosia
 e - a potion of degeneration {unknown}
 f - a potion of resistance {unknown}
 j - 2 potions of magic {unknown}
 m - a potion of heal wounds {unknown}
 n - a potion of poison {unknown}
 o - a potion of flight {unknown}
 q - a potion of cure mutation {unknown}
 r - 2 potions of mutation
 t - a potion of brilliance {unknown}
 u - 2 potions of curing
 z - a potion of restore abilities {unknown}
 C - a potion of cancellation {unknown}
Books
 b - a book of Necromancy

   Spells                             Type                      Level
   a - Pain                           Necromancy                   1
   b - Animate Skeleton               Necromancy                   1
   c - Vampiric Draining              Necromancy                   3
   d - Regeneration                   Charms/Necromancy            3
   e - Animate Dead                   Necromancy                   4
   f - Control Undead                 Necromancy                   4
Comestibles
 c - 6 bread rations
 s - a meat ration


   Skills:
 + Level 2.1 Fighting
 + Level 0.8 Maces & Flails
 + Level 2.4 Polearms
 + Level 2.8 Armour
 + Level 4.5 Dodging
 + Level 3.4 Stealth
 + Level 0.6 Shields
 + Level 5.4 Spellcasting
 + Level 6.0 Necromancy


You had one spell level left.
You knew the following spells:

 Your Spells              Type           Power        Failure   Level  Hunger
a - Pain                  Necr           ####         12%         1    None
b - Animate Skeleton      Necr           N/A          12%         1    None
c - Vampiric Draining     Necr           ####......   34%         3    ##.....
d - Animate Dead          Necr           N/A          92%         4    ####...
e - Regeneration          Chrm/Necr      ##........   93%         3    ##.....
f - Control Undead        Necr           ####......   92%         4    ####...


Dungeon Overview and Level Annotations

Branches:
Dungeon (6/15)             Temple (1/1) D:4

Altars:
Ashenzari
Cheibriados
Dithmenos
Gozag
Kikubaaqudgha
Makhleb
Nemelex Xobeh
Okawaru
Qazlal
Sif Muna
Vehumet
Xom
Yredelemnul
Zin
The Shining One

Annotations:
D:4 Gwarll's ghost, average DsNe


Message History

You climb upwards.
There is a stone staircase leading down here.
You swap places.
The orc warrior hits your ogre skeleton with a dire flail of crushing!!
Your kobold skeleton barely misses the orc warrior.
Your hobgoblin skeleton completely misses the orc warrior.
Your ogre skeleton hits the orc warrior with a giant club.
The orc warrior hits your ogre skeleton with a dire flail of crushing!
Your kobold skeleton hits the orc warrior with a club.
Something hits the orc warrior but does no damage.
Your ogre skeleton barely misses the orc warrior.
The orc warrior hits something with a dire flail of crushing!
Something barely misses the orc warrior.
Something barely misses the orc warrior.
Your hobgoblin skeleton hits the orc warrior.
You hit the orc warrior but do no damage.
The orc warrior looks even sicker.
The orc warrior is heavily wounded.
The orc warrior hits you with a dire flail of crushing!
You die...

........# #.#.#.#...Z(..#
........# #...#Z#Z#######
........##########.#.#
######......Z.ZZ.Z.#Z#
###############.#
######...........Z.#.#######
.................)Z#.Z.Z...#
######.#........o#.#######.#
## #.#.###...#@..#...Z...#
.# #.#.#.#...#####.#######
.# #.#.#.........#Z# .#
#.#.#.#.#####.#.# .#
#.#.#.#.......#.# .#
#.#..<..Z..####.#
.#####.#######.......#
.......#.....#..[..###
..####.#.###.#.##.#####


You could see an orc warrior and a friendly hobgoblin skeleton.

Vanquished Creatures
  A sky beast (D:5)
  2 ice beasts (D:5)
  A phantom (D:5)
  An ogre (D:4)
  2 giant frogs
  A scorpion (D:4)
  3 wights (D:5)
  A goliath beetle (D:5)
  A hound (D:5)
  An iguana (D:4)
  4 orc wizards
  A hound skeleton (D:5)
  6 adders
  4 worms
  A giant mite (D:5)
  3 giant geckos
  14 orcs
  7 bats
  4 giant cockroaches
  5 goblins
  9 hobgoblins
  5 quokkas
  2 ball pythons
  2 ball python skeletons (D:4)
  A giant gecko skeleton (D:4)
  5 giant newts
  8 kobolds
  12 rats
107 creatures vanquished.

Vanquished Creatures (collateral kills)
  An ogre (D:5)
  A wight (D:5)
  An orc priest (D:5)
  An iguana (D:4)
  An orc wizard (D:5)
  A worker ant (D:5)
  2 orcs
  2 hobgoblins
  A quokka (D:5)
  A ball python (D:2)
  4 bats
  A giant newt (D:2)
  A goblin (D:2)
  2 rats
20 creatures vanquished.

Vanquished Creatures (others)
  A giant frog zombie (D:5)
  A sky beast zombie (D:5)
  A goliath beetle zombie (D:5)
  8 orc skeletons
  An adder skeleton (D:3)
  An iguana skeleton (D:4)
  2 bat skeletons
  A ball python skeleton (D:2)
  A giant newt skeleton (D:2)
  3 goblin skeletons
  5 hobgoblin skeletons
  3 kobold skeletons
  2 quokka skeletons
  4 rat skeletons
34 creatures vanquished.

Grand Total: 161 creatures vanquished

Notes
Turn   | Place    | Note
--------------------------------------------------------------
     0 | D:1      | Gwarll, the Human Necromancer, began the quest for the Orb.
     0 | D:1      | Reached XP level 1. HP: 13/13 MP: 3/3
     2 | D:1      | Learned a level 1 spell: Animate Skeleton
   163 | D:1      | Reached XP level 2. HP: 10/19 MP: 4/4
   634 | D:2      | Reached XP level 3. HP: 23/25 MP: 2/6
   677 | D:2      | HP: 1/25 [poisoned by an adder]
   761 | D:2      | Found an opulent altar of Gozag.
  1004 | D:2      | Found a basalt altar of Yredelemnul.
  1092 | D:2      | Reached XP level 4. HP: 31/31 MP: 8/8
  1511 | D:3      | Reached skill level 1 in Polearms
  2003 | D:3      | Reached XP level 5. HP: 29/36 MP: 3/11
  2505 | D:2      | Learned a level 3 spell: Vampiric Draining
  2510 | D:2      | Learned a level 4 spell: Animate Dead
  3138 | D:3      | Reached XP level 6. HP: 42/42 MP: 13/13
  3167 | D:4      | Noticed Gwarll's ghost (average DsNe)
  3230 | D:3      | Reached skill level 1 in Fighting
  3230 | D:3      | Reached skill level 1 in Armour
  3376 | D:4      | Found a staircase to the Ecumenical Temple.
  3390 | Temple   | Entered the Ecumenical Temple
  3425 | Temple   | Became a worshipper of Makhleb the Destroyer
  3507 | D:4      | Reached skill level 5 in Necromancy
  3552 | D:4      | Reached XP level 7. HP: 26/48 MP: 13/15
  4057 | D:5      | Entered Level 5 of the Dungeon
  4124 | D:5      | Found a snail-covered altar of Cheibriados.
  4143 | D:5      | Acquired Makhleb's first power
  4227 | D:5      | Reached XP level 8. HP: 25/54 MP: 1/18
  4274 | D:5      | Reached skill level 5 in Spellcasting
  4601 | D:5      | Learned a level 3 spell: Regeneration
  4606 | D:5      | Learned a level 4 spell: Control Undead
  5280 | D:5      | Acquired Makhleb's second power
  5580 | D:5      | Reached skill level 6 in Necromancy
  5931 | D:6      | HP: 2/56 [orc warrior/dire flail of crushing (16)]
  5938 | D:5      | Mangled by an orc warrior

Action                   |  1- 3 |  4- 6 |  7- 9 || total
-------------------------+-------+-------+-------++-------
Melee: Unarmed           |     8 |       |       ||     8
       Spear             |    35 |    62 |   157 ||   254
       Mace              |       |    12 |    14 ||    26
 Cast: Pain              |    18 |    38 |    10 ||    66
       Animate Skeleton  |    16 |    20 |     7 ||    43
       Vampiric Draining |       |     2 |     6 ||     8
       Animate Dead      |       |       |     3 ||     3
       Control Undead    |       |       |     1 ||     1
       Regeneration      |       |       |     1 ||     1
  Use: Potion            |     1 |       |     1 ||     2
       Scroll            |       |    13 |       ||    13
 Stab: Distracted        |     1 |     2 |       ||     3
       Sleeping          |     3 |     1 |     4 ||     8
  Eat: Chunk             |     1 |     4 |     1 ||     6
       Beef jerky        |       |     1 |       ||     1
       Royal jelly       |       |     1 |     1 ||     2
       Pizza             |       |       |     2 ||     2
       Bread ration      |       |       |     1 ||     1
